Map: Solaris LE

Players

SubN - Winner!

  • Race: Zerg Zerg
  • League: Diamond
  • Spawn Location: 1:00

IIIIIIIIIIII

  • Race: Protoss Protoss
  • League: Diamond
  • Spawn Location: 7:00

VOD

Have the link to the VOD?

Description

Time

  • Played on: Dec. 22, 2023, 8:25 p.m.
  • Length: 9:04
Show
View Real Time Build Order
Export as new Build Order

SubN Zerg - Winner!

Build Orders: Hatch First 

Get SALT Encoding   

  12  0:00  Drone  
  13  0:12  Overlord  
  13  0:16  Drone  
  14  0:30  Drone x2  
  14  0:34  Drone  
  17  0:52  Hatchery  
  17  0:56  Drone  
  17  0:59  Drone  
  17  1:02  Extractor  
  17  1:15  Spawning Pool  
  17  1:17  Drone  
  17  1:20  Drone  
  18  1:27  Drone  
  19  1:38  Drone  
  20  1:49  Overlord  
  20  2:02  Queen  
  20  2:03  Queen  
  20  2:07  Metabolic Boost  
  24  2:15  Drone x4  
  28  2:25  Drone  
  28  2:27  Drone  
  30  2:32  Drone  
  31  2:38  Overlord  
  31  2:39  Queen  
  31  2:43  Overlord  
  33  2:52  Drone  
  34  2:59  Drone  
  35  3:07  Drone x2, Hatchery  
  35  3:11  Drone  
  37  3:14  Queen  
  39  3:22  Drone x5  
  44  3:30  Drone  
  45  3:38  Drone  
  46  3:41  Extractor  
  46  3:42  Overlord  
  45  3:50  Queen  
  45  3:55  Drone x2  
  49  3:57  Extractor  
  49  3:58  Drone x3, Extractor  
  49  3:59  Drone x2  
  52  4:04  Drone  
  53  4:12  Drone  
  54  4:17  Overlord  
  54  4:19  Overlord  
  54  4:21  Queen  
  54  4:24  Drone x3  
  58  4:26  Drone x2  
  61  4:32  Roach Warren  
  61  4:34  Drone  
  61  4:35  Drone x2  
  61  4:36  Evolution Chamber x2  
  61  4:37  Drone x2  
  63  4:39  Lair  
  63  4:41  Drone  
  63  4:43  Queen  
  66  4:47  Drone x2  
  68  5:02  Drone  
  68  5:03  Drone x5  
  68  5:06  Zerg Ground Armor Level 1, Zerg Missile Weapons Level 1  
  74  5:18  Drone x2  
  74  5:19  Drone x5  
  81  5:22  Extractor  
  81  5:23  Extractor  
  81  5:27  Drone x3  
  82  5:44  Overlord x5  
  82  5:58  Glial Reconstitution  
  82  6:00  Drone, Spore Crawler  
  82  6:01  Queen  
  82  6:03  Hydralisk Den  
  83  6:05  Overlord x2  
  83  6:11  Drone  
  84  6:22  Roach x10  
  84  6:23  Roach x4  
  84  6:24  Overseer  
  112  6:27  Overseer  
  112  6:30  Overlord  
  112  6:34  Hatchery  
  112  6:37  Queen  
  112  6:38  Extractor  
  112  7:01  Roach x13  
  132  7:16  Hydralisk x2, Roach  
  132  7:19  Overlord x2  
  132  7:20  Overlord  
  132  7:21  Muscular Augments  
  118  7:47  Roach  
  118  7:48  Roach x12  
  132  8:02  Drone  
  132  8:04  Hatchery  
  132  8:09  Ravager x5  
  137  8:13  Ravager x3  
  137  8:14  Hatchery, Ravager x2  
  137  8:15  Overlord x3  
  141  8:22  Drone  
  141  8:26  Drone x9  
  141  8:27  Drone x2  
Show
View Real Time Build Order
Export as new Build Order

IIIIIIIIIIII Protoss 

Build Orders: 1 Gate Expand, Blink Stalkers 

Get SALT Encoding   

  12  0:00  Probe  
  13  0:14  Probe  
  14  0:20  Pylon  
  14  0:26  Probe  
  15  0:39  Probe (Chrono Boost)  
  15  0:41  Gateway  
  16  0:45  Assimilator  
  17  0:51  Probe (Chrono Boost)  
  17  0:57  Probe (Chrono Boost)  
  18  1:05  Probe  
  19  1:17  Probe  
  20  1:29  Cybernetics Core  
  20  1:35  Nexus  
  20  1:45  Pylon  
  20  1:48  Probe  
  20  1:53  Assimilator  
  21  2:01  Probe  
  22  2:05  Warp Gate (Chrono Boost)  
  22  2:06  Adept (Chrono Boost)  
  24  2:23  Gateway  
  24  2:25  Gateway  
  24  2:28  Adept  
  24  2:34  Probe  
  27  2:52  Gateway  
  27  3:01  Probe  
  28  3:06  Probe  
  29  3:17  Twilight Council  
  29  3:21  Probe x2  
  31  3:33  Probe  
  32  3:39  Probe  
  33  3:45  Probe  
  33  3:47  Stalker x2  
  33  3:48  Stalker x2  
  42  3:49  Blink (Chrono Boost)  
  42  3:53  Pylon  
  42  4:05  Probe x2  
  44  4:14  Stalker  
  44  4:15  Stalker  
  48  4:20  Probe  
  49  4:24  Stalker  
  51  4:37  Probe  
  52  4:43  Pylon  
  52  4:49  Robotics Facility  
  52  4:50  Stalker  
  54  5:05  Probe x2  
  56  5:12  Pylon  
  56  5:15  Stalker x3  
  62  5:32  Pylon  
  62  5:33  Stalker, Warp Prism (Chrono Boost)  
  64  5:37  Charge (Chrono Boost)  
  66  5:45  Pylon  
  66  5:48  Forge  
  66  5:57  Stalker x4  
  74  6:44  Stalker x4  
  82  7:07  Zealot  
  82  7:08  Zealot  
  86  7:14  Pylon  
  86  7:16  Pylon  
  86  7:17  Pylon  
  76  7:39  Stalker x4  
  46  8:02  Zealot x2  
  46  8:03  Zealot x2  
  54  8:09  Warp Prism  
  56  8:17  Gateway  
  56  8:20  Gateway, Shield Battery  
  56  8:21  Gateway  
  56  8:22  Shield Battery  
  56  8:23  Pylon  
  56  8:25  Gateway  
  56  8:26  Gateway, Sentry  
  58  8:27  Stalker x3  
  48  8:51  Zealot x3  
Tags
 
Add a new tag
Caveats
  • Supply blocks, unpowered buildings, or Contaminate may cause inaccurate times.
  • Supply counts are checked every 10 seconds.